 Dungeon Crawl Stone Soup version 0.28-a0-726-g4a9143789a (webtiles) character file.

Game seed: 12305346535932778527

185 cheechan the Skirmisher (level 5, -2/50 HPs)
             Began as a Naga Fighter on Oct 27, 2021.
             Was a Believer of Jiyva.
             Slain by an orc (5 damage)
             ... on level 4 of the Dungeon.
             The game lasted 00:10:33 (1360 turns).

cheechan the Skirmisher (Naga Fighter)              Turns: 1360, Time: 00:10:33

Health: -2/50      AC:  5    Str: 18    XL:     5   Next: 64%
Magic:  5/5        EV:  7    Int: 10    God:    Jiyva [**....]
Gold:   46         SH:  4    Dex: 10    Spells: 3/4 levels left

rFire   . . .      SeeInvis +   a - +0 war axe
rCold   + . .      Faith    .   c - +0 buckler
rNeg    . . .      Spirit   .   b - +0 scale mail
rPois   +          Reflect  .   (no helmet)
rElec   .          Harm     .   (no cloak)
rCorr   .          Rampage  .   (no gloves)
Will    .....                   (no barding)
Stlth   ..........              (no amulet)
HPRegen 0.16/turn               k - ring of protection from cold
MPRegen 0.09/turn               (no ring)

@: very slow
A: AC +1, large, see invisible, deformed body, poison resistance, slowness 2,
spit poison 1, naga tail 1
a: Spit Poison, Renounce Religion, Request Jelly


You were on level 4 of the Dungeon.
You worshipped Jiyva.
Jiyva was pleased with you.
You visited 1 branch of the dungeon, and saw 4 of its levels.

You collected 46 gold pieces.

Inventory:

Hand Weapons
 a - a +0 war axe (weapon)
Missiles
 f - 33 arrows
 h - 22 sling bullets
 i - 44 stones
 l - 4 boomerangs
Armour
 b - a +0 scale mail (worn)
 c - a +0 buckler (worn)
Jewellery
 k - a ring of protection from cold (left hand)
Scrolls
 n - a scroll of identify {unknown}
Potions
 d - a potion of might
 g - a potion of degeneration {unknown}
 j - 2 potions of curing {unknown}
 m - a potion of attraction {unknown}


   Skills:
 + Level 3.7 Fighting
 + Level 3.7 Axes
 + Level 3.1 Armour
 + Level 1.1 Dodging
 + Level 0.1 Stealth
 + Level 2.9 Shields
 + Level 0.2 Spellcasting
 + Level 0.2 Necromancy


You had 3 spell levels left.
You knew the following spells:

 Your Spells              Type           Power      Damage    Failure   Level
a - Pain                  Necr           0%         1d4       71%         1

Your spell library contained the following spells:

 Spells                   Type           Power      Damage    Failure   Level
 Animate Skeleton         Necr           0%         N/A       71%         1
 Apportation              Tloc           0%         N/A       75%         1
 Vampiric Draining        Necr           0%         2d6       97%         3
 Alistair's Intoxication  Tmut/Pois      0%         N/A       100%        5
 Invisibility             Hex            0%         N/A       100%        6


Dungeon Overview and Level Annotations

Branches:
Dungeon (4/15)
 Temple: D:4-7

Altars:
The Shining One
Jiyva


Innate Abilities, Weirdness & Mutations

Your serpentine skin is tough. (AC +1)
You have supernaturally acute eyesight. (SInv)
Armour fits poorly on your strangely shaped body.
Your system is resistant to poisons. (rPois)
You cover ground very slowly.
You can spit poison.
You have a snake-like lower body.


Message History

The orc hits you with a +0 flail. You block the orc's attack.
The giant cockroach bites you.
You slash the orc!
You kill the orc!
Your scale mail prevents you from hitting the orc.
You closely miss the giant cockroach.
The giant cockroach bites you but does no damage.
The orc hits you with a +0 flail. The giant cockroach closely misses you.
The orc barely misses you. The orc hits you with a +0 morningstar!
* * * LOW HITPOINT WARNING * * *
Jiyva's power touches on your attributes.
You feel clever.
You feel weaker.
The giant cockroach completely misses you.
You hear a distant slurping noise.
Jiyva appreciates your sacrifice.
Okay, then.
You slash the giant cockroach!
You kill the giant cockroach!
The orc hits you with a +0 morningstar.
* * * LOW HITPOINT WARNING * * *
You hit the orc.
The orc is lightly wounded.
The orc hits you with a +0 morningstar.
* * * LOW HITPOINT WARNING * * *
You closely miss the orc.
The orc is lightly wounded.
You block the orc's attack.
You barely miss the orc.
The orc is lightly wounded.
The orc completely misses you.
You closely miss the orc.
The orc is lightly wounded.
The orc hits you but does no damage. The orc barely misses you.
You slash the orc!
You kill the orc!
You hit the orc.
The orc is heavily wounded.
The orc hits you with a +0 flail.
You die...

..# ..#. ..# ...
...##.## #.##.
....####.#
..#....##.........
.........[.......#
.##.)....######
#.# ##...#.# #.# .
##o##.# #.##.
#@##.#### ####.#..
#$##.##.. ......
#.##>##.#####..#
#.##.##.##.##..###
#.##.##.#.........
#.##.........#####
#.......#...##
##########..# #
#..# ##


You could see an orc.

Vanquished Creatures
  An orc priest (D:4)
  2 orc wizards (D:4)
  A hound skeleton (D:4)
  An adder (D:4)
  3 dart slugs
  4 orcs (D:4)
  3 endoplasms (D:1)
  2 giant cockroaches (D:4)
  2 goblins
  4 hobgoblins
  2 jackals (D:1)
  6 kobolds
  A quokka (D:1)
  A ball python (D:1)
  6 bats
  2 frilled lizards
  2 rats
43 creatures vanquished.

Vanquished Creatures (others)
  A scorpion (D:4)
  A jelly (D:4)
  An orc wizard (D:4)
  5 orcs (D:4)
  2 bats (D:3)
  3 endoplasms
  2 giant cockroaches (D:3)
  2 goblins
  2 hobgoblins (D:3)
  2 kobolds (D:3)
  A quokka (D:3)
  8 plants (D:3)
30 creatures vanquished.

Grand Total: 73 creatures vanquished

Notes
Turn   | Place    | Note
-------+----------+-------------------------------------------
     0 | D:1      | cheechan the Naga Fighter began the quest for the Orb.
     0 | D:1      | Reached XP level 1. HP: 21/21 MP: 1/1
   213 | D:1      | Reached XP level 2. HP: 26/28 MP: 2/2
   268 | D:1      | Learned a level 1 spell: Pain
   553 | D:2      | Reached XP level 3. HP: 32/34 MP: 3/3
   559 | D:2      | Found a glowing golden altar of the Shining One.
   618 | D:2      | Found a faded altar of an unknown god.
   641 | D:2      | Prayed at the altar of an unknown god.
   641 | D:2      | Became a worshipper of Jiyva Jiobb the Shapeless
   641 | D:2      | Reached * piety under Jiyva
  1215 | D:4      | Noticed a scorpion
  1217 | D:4      | Reached ** piety under Jiyva
  1222 | D:4      | HP: 1/34 [poisoned by a scorpion]
  1227 | D:4      | Killed a scorpion
  1228 | D:4      | Reached skill level 1 in Dodging
  1228 | D:4      | Reached XP level 4. HP: 24/42 MP: 2/4
  1319 | D:4      | Reached XP level 5. HP: 25/50 MP: 5/5
  1355 | D:4      | HP: 2/50 [orc (3)]
  1360 | D:4      | Slain by an orc

Illustrated notes

Levels and vault maps discovered:
D:1:      nagdon_arrival_zigzag_paths, layout_basic
D:2:      layout_loops_cross, hellmonk_ecumenical_altar_blasted, basic_altar,
          serial_bayou_crossing
D:3:      layout_loops_cross, amcnicky_mini_corridor_feature,
          serial_bayou_pond_a, hangedman_glass_teeth
D:4:      layout_loops_ring, mainiacjoe_overflow_large_starburst,
          minmay_temple_entry_ruins, nrook_loot_triangle,
          kennysheep_big_empty_room, chequers_serial_rivers_large_b,
          hangedman_decor_slide_cut, sigmund_edmund_badplayer

Skill      XL: |  1  2  3  4  5 |
---------------+----------------+-----
Armour         | 3 |  3.1
Dodging        | 1 |  1.1
Axes           | 3 |  3.7
Fighting       | |  3.7
Stealth        | |  0.1
Shields        | |  2.9
Spellcasting   | |  0.2
Necromancy     | |  0.2

Action                   |  1- 3 |  4- 6 || total
-------------------------+-------+-------++-------
Melee: War axe           |    80 |    33 ||   113
Invok: Request Jelly     |     2 |       ||     2
 Abil: Spit Poison       |     3 |     1 ||     4
  Use: Potion            |     2 |     1 ||     3
       Scroll            |     1 |       ||     1
Armor: Scale mail        |    79 |    26 ||   105
Dodge: Dodged            |    79 |    22 ||   101
Block: Buckler           |    41 |     5 ||    46

Table legend: (Time is in decaauts)
 A = Elapsed time spent in this place.
 B = Non-inter-level travel time spent in this place.
 C = Inter-level travel time spent in this place.
 D = Time resting spent in this place.
 E = Time spent auto-exploring this place.
 F = Levels seen in this place.
 G = Mean time per level.
                   A        B        C        D        E       F      G
               +--------+--------+--------+--------+--------+-----+--------+
         Total |   1887 |   1887 |      0 |      0 |      0 |   4 |  471.8 |
       Dungeon |   1887 |   1887 |      0 |      0 |      0 |   4 |  471.8 |
               +--------+--------+--------+--------+--------+-----+--------+

Top non-repeatable levels by time:
     D:1: 755 daAuts
     D:3: 604 daAuts
     D:4: 279 daAuts
     D:2: 248 daAuts
